 Dungeon Crawl Stone Soup version 0.31.0-32-g396128a36d (webtiles) character file.

Game seed: 1599660965783008071

231 monsoonserge the Ruffian (level 6, 0/45 HPs)
             Began as a Gnoll Shapeshifter on Mar 11, 2024.
             Slain by an orc
             ... wielding a +0 whip
              (1 damage)
             ... on level 4 of the Dungeon.
             The game lasted 00:06:44 (3198 turns).

monsoonserge the Ruffian (Gnoll Shapeshifter)       Turns: 3198, Time: 00:06:45

Health: 0/45       AC:  1    Str: 14 (15) XL:     6   Next: 4%
Magic:  8/8        EV: 16    Int:  7 (10) God:
Gold:   67         SH:  5    Dex:  8 (11) Spells: 8/8 levels left

rFire   . .          .
                       - Unarmed
rCold   . . .        (shield currently unavailable)
rNeg    . . .        l - melded +0 ring mail
rPois   .            u - +0 helmet
rElec   .            (no cloak)
rCorr   .            (no gloves)
SInv    .            (no boots)
Will    .....        f - amulet of reflection
Stlth   +            (no ring)
HPRegen 0.27/turn    (no ring)
MPRegen 0.11/turn

%: reflection
@: flux-form, glowing
A: glow, contaminating, reduced hp, fangs 1, strong nose, distributed training
a: Begin Untransformation


You were on level 4 of the Dungeon.
You were something dangerously unstable.
You visited 1 branch of the dungeon, and saw 4 of its levels.

You collected 132 gold pieces.
You spent 65 gold pieces at shops.

Inventory:

Missiles
 k - 4 darts of dispersal (quivered)
Armour
 l - a +0 ring mail (melded)
 q - a +0 scale mail
 u - a +0 helmet (worn)
Jewellery
 f - an amulet of reflection (around neck)
Talismans
 c - a beast talisman
 d - a flux talisman (active)
 m - a blade talisman
Wands
 r - a wand of roots (3)
Scrolls
 e - a scroll of immolation {unknown}
 h - a scroll of silence {unknown}
 i - a scroll of amnesia {unknown}
 n - 2 scrolls of fog {unknown}
 s - 2 scrolls of fear
 t - 2 scrolls of identify {unknown}
Potions
 a - a potion of curing {unknown}
 b - a potion of lignification
 g - 2 potions of degeneration
 j - a potion of invisibility {unknown}
 o - a potion of heal wounds {unknown}
 p - 2 potions of magic {unknown}


   Skills:
 + Level 3.1 Fighting
 + Level 1.8 Short Blades
 + Level 1.8 Long Blades
 + Level 1.8 Axes
 + Level 1.8 Maces & Flails
 + Level 1.8 Polearms
 + Level 1.8 Staves
 + Level 1.8 Ranged Weapons
 + Level 1.8 Throwing
 + Level 1.8 Armour
 + Level 4.9 Dodging
 + Level 1.8 Stealth
 + Level 1.8 Shields
 + Level 6.8 Unarmed Combat
 + Level 1.8 Spellcasting
 + Level 1.4 Conjurations
 + Level 1.4 Hexes
 + Level 1.4 Summonings
 + Level 1.4 Necromancy
 + Level 1.4 Translocations
 + Level 1.4 Fire Magic
 + Level 1.4 Ice Magic
 + Level 1.4 Air Magic
 + Level 1.4 Earth Magic
 + Level 1.4 Alchemy
 + Level 2.0 Invocations
 + Level 1.8 Evocations
 + Level 6.7 Shapeshifting


You had 8 spell levels left.
You didn't know any spells.
Your spell library contained the following spells:

 Spells                   Type           Power      Damage    Failure   Level
 Mercury Vapours          Alch/Air       4%         N/A       32%         2
 Mephitic Cloud           Conj/Alch/Air  2%         N/A       54%         3
 Summon Ice Beast         Ice/Summ       2%         N/A       54%         3
 Freezing Cloud           Conj/Ice/Air   1%         6-21      99%         5
 Summon Mana Viper        Hex/Summ       2%         N/A       99%         5
 Monstrous Menagerie      Summ           1%         N/A       100%        7


Dungeon Overview and Level Annotations

Branches:
Dungeon (4/15)
 Temple: D:4-7

Altars:

Shops:
D:1 *


Innate Abilities, Weirdness & Mutations

You are something dangerously unstable.
You glow with magical radiation, making you easy to see and hit.
Foes you strike become dangerously contaminated with magical radiation.
Your maximum health is decreased, since you lack skill for your form.
You are incapable of wielding weapons or throwing items.
You have very sharp teeth.
Your uncanny sense of smell can sniff out nearby items.
Your experience applies equally to all skills.


Message History

The orc misses you.
You barely miss the orc.
The orc is lightly wounded.
The orc hits you with a +0 flail!
You hit the orc.
The orc glows dangerously bright.
The orc is heavily wounded.
The orc closely misses you.
You barely miss the orc. You bite the orc, but do no damage.
The orc is heavily wounded.
You block the orc's attack.
You hit the orc.
You kill the orc!
The orc priest looks braver for a moment.
The orc priest closely misses you.
Items here: ))) [[ †††.
You closely miss the orc priest.
You bite the orc priest, but do no damage.
The orc priest mumbles some strange prayers to Beogh against you.
Beogh smites you!
* * * LOW HITPOINT WARNING * * *
You barely miss the orc priest. You hit the orc priest.
The orc priest begins to glow.
The orc priest is moderately wounded.
The orc priest barely misses you.
You hit the orc priest.
The orc priest glows dangerously bright.
The orc priest is heavily wounded.
The orc priest misses you.
You hit the orc priest.
The orc priest shudders as magic cascades through it!!
You kill the orc priest!
Your Invocations skill increases to level 2!
You have reached level 6!
You barely miss the orc. The orc hits you with a +0 whip.
* * * LOW HITPOINT WARNING * * *
It was a potion of degeneration.
There was something very wrong with that liquid.
You feel weakened.
You feel dopey.
You feel clumsy. The orc hits you with a +0 whip.
You die...

#[# #.# # P
#######.####.#.P.P
#.###..............P..
#.....#...<)######.P.P
#.....)......... .
#.##.#########.# . #.#
#p# #o# #o# #o. #.#
#.# #.# #.#


You could see 3 orcs.

Vanquished Creatures
  An orc priest (D:4)
  An orc wizard (D:4)
  5 adders
  5 gnolls
  2 dart slugs
  12 orcs
  5 bats
  2 endoplasms
  4 giant cockroaches
  2 goblins
  7 jackals (D:1)
  6 kobolds
  A quokka (D:3)
  10 ball pythons
  2 frilled lizards (D:1)
  3 rats
  A spectral goblin (D:2)
69 creatures vanquished.

Notes
Turn   | Place    | Note
-------+----------+-------------------------------------------
     0 | D:1      | monsoonserge the Gnoll Shapeshifter began the quest for the
                  | Orb.
     0 | D:1      | Reached XP level 1. HP: 17/17 MP: 1/1
    86 | D:1      | Found Bekuan's General Store.
   286 | D:1      | Reached XP level 2. HP: 18/23 MP: 2/2
  1028 | D:2      | Reached XP level 3. HP: 28/28 MP: 2/4
  1029 | D:2      | Reached skill level 1 in Invocations
  1252 | D:2      | Reached skill level 1 in Short Blades
  1252 | D:2      | Reached skill level 1 in Long Blades
  1252 | D:2      | Reached skill level 1 in Axes
  1252 | D:2      | Reached skill level 1 in Maces & Flails
  1252 | D:2      | Reached skill level 1 in Polearms
  1252 | D:2      | Reached skill level 1 in Staves
  1252 | D:2      | Reached skill level 1 in Ranged Weapons
  1252 | D:2      | Reached skill level 1 in Throwing
  1252 | D:2      | Reached skill level 1 in Armour
  1252 | D:2      | Reached skill level 1 in Stealth
  1252 | D:2      | Reached skill level 1 in Shields
  1252 | D:2      | Reached skill level 1 in Spellcasting
  1252 | D:2      | Reached skill level 1 in Evocations
  1274 | D:2      | Reached XP level 4. HP: 34/34 MP: 5/5
  1317 | D:2      | Found a faded altar of an unknown god.
  1784 | D:1      | Bought a scroll of noise for 13 gold pieces
  1784 | D:1      | Bought a scroll of fear for 52 gold pieces
  1913 | D:3      | Reached skill level 1 in Conjurations
  1913 | D:3      | Reached skill level 1 in Hexes
  1913 | D:3      | Reached skill level 1 in Summonings
  1913 | D:3      | Reached skill level 1 in Necromancy
  1913 | D:3      | Reached skill level 1 in Translocations
  1913 | D:3      | Reached skill level 1 in Fire Magic
  1913 | D:3      | Reached skill level 1 in Ice Magic
  1913 | D:3      | Reached skill level 1 in Air Magic
  1913 | D:3      | Reached skill level 1 in Earth Magic
  1913 | D:3      | Reached skill level 1 in Alchemy
  2783 | D:4      | Reached XP level 5. HP: 24/40 MP: 7/7
  3197 | D:4      | Reached XP level 6. HP: 5/47 MP: 8/8
  3197 | D:4      | HP: 1/45 [orc/+0 whip (5)]
  3198 | D:4      | Slain by an orc

Illustrated notes

Levels and vault maps discovered:
D:1:      dpeg_arrival_ternary, layout_basic, serial_shops, shop
D:2:      layout_loops_ring, dreamdust_ecumenical_altar_drowned_temple,
          kennysheep_pointless_box
D:3:      layout_basic
D:4:      layout_loops_ring, mainiacjoe_overflow_cross_hatched,
          chequers_serial_rivers_large_a, kennysheep_another_room

Skill      XL: |  1  2  3  4  5 |
---------------+----------------+-----
Invocations    | 1 2 |  2.0
Short Blades   | 1 |  1.8
Long Blades    | 1 |  1.8
Axes           | 1 |  1.8
Maces & Flails | 1 |  1.8
Polearms       | 1 |  1.8
Staves         | 1 |  1.8
Ranged Weapons | 1 |  1.8
Throwing       | 1 |  1.8
Armour         | 1 |  1.8
Stealth        | 1 |  1.8
Shields        | 1 |  1.8
Spellcasting   | 1 |  1.8
Evocations     | 1 |  1.8
Conjurations   | 1 |  1.4
Hexes          | 1 |  1.4
Summonings     | 1 |  1.4
Necromancy     | 1 |  1.4
Translocations | 1 |  1.4
Fire Magic     | 1 |  1.4
Ice Magic      | 1 |  1.4
Air Magic      | 1 |  1.4
Earth Magic    | 1 |  1.4
Alchemy        | 1 |  1.4
Fighting       | 3 |  3.1
Dodging        | |  4.9
Unarmed Combat | |  6.8
Shapeshifting  | |  6.7

Action                     |  1- 3 |  4- 6 || total
---------------------------+-------+-------++-------
  Melee: Unarmed           |    59 |   116 ||   175
         Bite              |     2 |    10 ||    12
         Punch             |     1 |       ||     1
  Evoke: Wand              |       |     1 ||     1
    Use: Potion            |       |     1 ||     1
 Armour: Animal skin       |     5 |       ||     5
         Ring mail         |    22 |    15 ||    37
         Skin              |       |    24 ||    24
  Dodge: Dodged            |    28 |    87 ||   115
  Block: Other             |    24 |    21 ||    45
         Reflection        |     1 |       ||     1
   Form: Flux              |       |     1 ||     1
